 Dungeon Crawl Stone Soup version 0.24-a0-537-g2d01d4ab0a (webtiles) character file.

Game seed: 5219439369648947532

38 Mithandil the Shield-Bearer (level 3, 0/36 HPs)
             Began as a Troll Fighter on Aug 13, 2019.
             Slain by a gnoll
             ... wielding a +0 halberd
              (11 damage)
             ... on level 2 of the Dungeon.
             The game lasted 00:04:59 (710 turns).

Mithandil the Shield-Bearer (Troll Fighter)          Turns: 710, Time: 00:05:00

Health: 0/36       AC:  7    Str: 24    XL:     3   Next: 25%
Magic:  2/2        EV:  8    Int:  4    God:
Gold:   44         SH:  8    Dex: 10    Spells: 2/2 levels left

rFire    . . .     SeeInvis .   a - +2 dagger (elec)
rCold    . . .     Gourm    +   b - +0 shield
rNeg     . . .     Faith    .   l - +0 robe
rPois    .         Spirit   .   (helmet restricted)
rElec    .         Reflect  .   k - +0 cloak
rCorr    .         Harm     .   (gloves unavailable)
MR       .....                  (boots unavailable)
Stlth    +.........             j - amulet of regeneration
HPRegen  0.92/turn              (no ring)
MPRegen  0.08/turn              (no ring)

@: no status effects
A: large, unfitting armour, claws 3, fast metabolism 3, gourmand, regeneration
1, shaggy fur 1, tough skin 3
a: no special abilities


You were on level 2 of the Dungeon.
You were very full.

You visited 1 branch of the dungeon, and saw 2 of its levels.

You collected 44 gold pieces.

Inventory:

Hand Weapons
 a - a +2 dagger of electrocution (weapon)
 f - a +1 dagger of electrocution
Missiles
 e - 8 boomerangs (quivered)
 g - 15 bolts
 i - 17 sling bullets
Armour
 b - a +0 shield (worn)
 k - a +0 cloak (worn)
 l - a +0 robe (worn)
Jewellery
 j - an amulet of regeneration (around neck)
Scrolls
 h - 2 scrolls of identify
Potions
 c - a potion of might
Comestibles
 d - 5 rations


   Skills:
 + Level 2.5 Fighting
 * Level 0.9 Short Blades
 * Level 1.0 Throwing
 + Level 0.4 Armour
 + Level 2.5 Dodging
 * Level 2.7 Shields
 - Level 2.1 Unarmed Combat


You had 2 spell levels left.
You didn't know any spells.
Your spell library was empty.

Dungeon Overview and Level Annotations

Branches:
Dungeon (2/15)

Altars:


Innate Abilities, Weirdness & Mutations

You are too large for most types of armour.
You have claws for hands.
Your metabolism is lightning-fast.
You like to eat raw meat.
Your natural rate of healing is unusually fast.
You are covered in fur. (AC +1)
You have extremely tough skin. (AC +3)


Message History

You block the gnoll's attack. x2; The kobold closely misses you.
You hit the gnoll.
The gnoll is lightly wounded.
The gnoll barely misses you. You block the gnoll's attack.
The kobold barely misses you. The gnoll hits you with a +0 club!
You hit the gnoll.
The gnoll is severely wounded.
The gnoll hits you but does no damage. You block the gnoll's attack.
The kobold hits you but does no damage. The gnoll hits you with a +0 club.
You hit the gnoll.
The gnoll is almost dead.
The gnoll closely misses you.
The gnoll hits you from afar with a +0 halberd!
* * * LOW HITPOINT WARNING * * *
The kobold hits you but does no damage. The gnoll barely misses you.
You barely miss the gnoll.
The gnoll is almost dead.
You block the gnoll's attack. You block the kobold's attack.
The gnoll hits you from afar with a +0 halberd!
You die...

# .?# ..# ..# #
#..#
#.#.#######...#
#....gKg...#..#
#....Kg@.....#
#.#########.##
#.# ##<##
#...###########
#.#............
#...###########
#####


You could see 3 gnolls and 2 kobolds.

Vanquished Creatures
  A gnoll (D:2)
  A worm (D:2)
  4 dart slugs (D:1)
  A bat (D:1)
  3 goblins (D:1)
  2 hobgoblins (D:1)
  3 kobolds (D:1)
  2 frilled lizards (D:1)
  A rat (D:1)
18 creatures vanquished.

Notes
Turn   | Place    | Note
-------+----------+-------------------------------------------
     0 | D:1      | Mithandil the Troll Fighter began the quest for the Orb.
     0 | D:1      | Reached XP level 1. HP: 22/22 MP: 0/0
    85 | D:1      | Reached XP level 2. HP: 28/29 MP: 1/1
   594 | D:2      | Reached XP level 3. HP: 36/36 MP: 2/2
   702 | D:2      | Reached skill level 1 in Throwing
   710 | D:2      | Slain by a gnoll

Levels and vault maps discovered:
D:1:      sevenhm_arrival_forest_fort_small_6, layout_loops_ring,
          hangedman_feature_mirror
D:2:      layout_loops_ring, first_ration

Skill      XL: |  1  2  3 |
---------------+----------+-----
Throwing       | 1 |  1.0
Fighting       | |  2.5
Short Blades   | |  0.9
Armour         | |  0.4
Dodging        | |  2.5
Shields        | |  2.7
Unarmed Combat | |  2.1

Action                   || total
-------------------------++-------
Melee: Dagger            ||    50
       Unarmed           ||     5
  Use: Scroll            ||     3
       Potion            ||     1
  Eat: Chunk             ||    11
Armor: Robe              ||    21
Dodge: Dodged            ||    16
Block: Shield            ||    19

Table legend:
 A = Non-vault XP
 B = Vault XP
 C = Vault XP percentage of total XP
 D = Non-vault monster count
 E = Vault monster count
 F = Vault count percentage of total count
                 A         B        C        D         E       F
            +---------+---------+-------+---------+---------+-------
      Total |      43 |      12 |  21.8 |      12 |       6 |  33.3
            +---------+---------+-------+---------+---------+-------
        D:1 |      24 |      12 |  33.3 |      10 |       6 |  37.5
        D:2 |      19 |       0 |   0.0 |       2 |       0 |   0.0
            +---------+---------+-------+---------+---------+-------
